 Dungeon Crawl Stone Soup version 0.25-a0-35-g747a2b3c0c (webtiles) character file.

Game seed: 6257098993951450311, levelgen mode: deterministic

1978 Ablot the Magician (level 9, 0/69 HPs)
             Began as a Gnoll Skald on Oct 19, 2019.
             Was a Priest of Okawaru.
             Slain by a bullfrog (5 damage)
             ... on level 6 of the Dungeon.
             The game lasted 00:10:33 (3690 turns).

Ablot the Magician (Gnoll Skald)                    Turns: 3690, Time: 00:10:34

Health: 0/69       AC:  7    Str: 17    XL:     9   Next: 20%
Magic:  13/18      EV: 14    Int: 16    God:    Okawaru [***...]
Gold:   176        SH:  0    Dex: 14    Spells: 9/20 levels left

rFire    x . .     SeeInvis .   t - +3 quarterstaff (chaos)
rCold    + . .     Gourm    .   (shield currently unavailable)
rNeg     . . .     Faith    .   D - +0 ring mail "Joxiysod" {rCorr Stlth+} (curse)
rPois    .         Spirit   .   (no helmet)
rElec    .         Reflect  .   o - +0 cloak
rCorr    +         Harm     .   (no gloves)
MR       +....                  (no boots)
Stlth    +++.......             (no amulet)
HPRegen  0.21/turn              C - ring of protection from magic
MPRegen  0.16/turn              I - ring of ice

@: singing
A: distributed training, fangs 1, strong nose
a: Heroism, Renounce Religion


You were on level 6 of the Dungeon.
You worshipped Okawaru.
Okawaru was most pleased with you.
You were not hungry.

You visited 2 branches of the dungeon, and saw 7 of its levels.

You collected 176 gold pieces.

Inventory:

Hand Weapons
 a - a +0 spear
 t - a +3 quarterstaff of chaos (weapon)
Missiles
 e - 120 stones
 h - 21 poisoned darts (quivered)
 u - 35 arrows
 E - 48 bolts
Armour
 o - a +0 cloak (worn)
 D - the cursed +0 ring mail "Joxiysod" (worn) {rCorr Stlth+}
   (You found it on level 4 of the Dungeon)

   It provides partial protection from all sources of acid and corrosion.
   It makes you more stealthy.
   It has a curse placed upon it.
Magical Staves
 G - an uncursed staff of energy {unknown}
Jewellery
 C - a ring of protection from magic (left hand)
 I - a ring of ice (right hand)
Wands
 b - a wand of paralysis (7)
 A - a wand of flame (17)
Scrolls
 i - 2 scrolls of random uselessness {unknown}
 j - 2 scrolls of fear {unknown}
 l - 2 scrolls of amnesia {unknown}
 n - 2 scrolls of immolation {unknown}
 q - 3 scrolls of blinking {unknown}
 r - a scroll of enchant weapon {unknown}
 v - 2 scrolls of noise {unknown}
 x - 3 scrolls of identify {unknown}
 y - 3 scrolls of teleportation {unknown}
 z - 3 scrolls of remove curse {unknown}
 F - a scroll of fog {unknown}
Potions
 c - 4 potions of heal wounds {unknown}
 f - a potion of agility {unknown}
 g - a potion of experience {unknown}
 k - 2 potions of flight {unknown}
 m - 2 potions of haste {unknown}
 p - 3 potions of lignification {unknown}
 s - a potion of berserk rage {unknown}
 w - 3 potions of invisibility {unknown}
 H - 2 potions of cancellation {unknown}
 J - a potion of might {unknown}
 K - a potion of ambrosia {unknown}
Comestibles
 d - 3 rations


   Skills:
 + Level 6.1 Fighting
 + Level 3.9 Short Blades
 + Level 3.9 Long Blades
 + Level 3.9 Axes
 + Level 3.9 Maces & Flails
 + Level 6.1 Polearms
 + Level 3.9 Staves
 + Level 3.9 Slings
 + Level 3.9 Bows
 + Level 3.9 Crossbows
 + Level 3.9 Throwing
 + Level 4.7 Armour
 + Level 6.1 Dodging
 + Level 3.9 Stealth
 + Level 3.9 Shields
 + Level 3.9 Unarmed Combat
 + Level 6.4 Spellcasting
 + Level 3.2 Conjurations
 + Level 3.2 Hexes
 + Level 6.4 Charms
 + Level 3.2 Summonings
 + Level 3.2 Necromancy
 + Level 3.2 Translocations
 + Level 3.2 Transmutations
 + Level 3.2 Fire Magic
 + Level 3.2 Ice Magic
 + Level 3.2 Air Magic
 + Level 3.2 Earth Magic
 + Level 3.2 Poison Magic
 + Level 4.3 Invocations
 + Level 3.9 Evocations


You had 9 spell levels left.
You knew the following spells:

 Your Spells              Type           Power        Failure   Level  Hunger
a - Infusion              Chrm           ####         1%          1    None
b - Song of Slaying       Chrm           ####....     2%          2    None
c - Shroud of Golubria    Chrm/Tloc      ###...       4%          2    None
d - Regeneration          Chrm/Necr      ###.......   10%         3    ##.....
e - Spectral Weapon       Hex/Chrm       ###.....     10%         3    ##.....

Your spell library contained the following spells:

 Spells                   Type           Power        Failure   Level  Hunger
 Animate Skeleton         Necr           N/A          6%          1    None
 Pain                     Necr           ###.         6%          1    None
 Vampiric Draining        Necr           ###.......   19%         3    ##.....
 Animate Dead             Necr           N/A          52%         4    ####...


Dungeon Overview and Level Annotations

Branches:
Dungeon (6/15)             Temple (1/1) D:6

Altars:
Ashenzari
Dithmenos
Elyvilon
Hepliaklqana
Kikubaaqudgha
Nemelex Xobeh
Okawaru
Ru
Wu Jian
Yredelemnul
Zin
The Shining One
Lugonu


Innate Abilities, Weirdness & Mutations

Your experience applies equally to all skills.
You have very sharp teeth.
Your uncanny sense of smell can sniff out nearby items.


Message History

* * * LOW HITPOINT WARNING * * *
The ice beast hits your spectral weapon but does no damage.
Unknown command.
You barely miss the ice beast.
The ice beast is almost dead.
Your spectral weapon closely misses the ice beast.
Something hits you!
* * * LOW HITPOINT WARNING * * *
Something hits you.
* * * LOW HITPOINT WARNING * * *
The ice beast hits you.
* * * LOW HITPOINT WARNING * * *
The ice beast freezes you. You resist.
* * * LOW HITPOINT WARNING * * *
You hit the ice beast.
You kill the ice beast!
Okawaru accepts your kill.
Okawaru will now gift you ammunition as you gain piety.
Something hits you.
You die...

. .......
.###..###.....### #
......#≈≈≈≈≈≈≈≈≈#.##
......#≈#.....#≈#...
.......≈.......≈..#
......≈.......≈..#
#...≈...>...≈..#
##..≈...†...≈..#
#..≈@......≈..#
#.#(#.....#≈#.######
..
#≈≈≈≈≈≈≈≈≈#......#
...
###.....###......#
#..
...!............<.#
#.
.....##....#......#
#
#...#.....#.......##
#...#.....#.........
... #.....#.......##


You could see a friendly spectral +3 quarterstaff of chaos.

Vanquished Creatures
  2 slime creatures (D:5)
  Sigmund (D:2)
  An ice beast (D:6)
  A necrophage (D:5)
  2 ogres (D:4)
  3 big kobolds (D:5)
  A scorpion (D:4)
  4 jellies (D:5)
  5 crimson imps
  2 hounds (D:4)
  An orc wizard (D:4)
  Crazy Yiuf (D:2)
  A centaur skeleton (D:5)
  An iguana (D:5)
  A bullfrog skeleton (D:4)
  A worker ant (D:5)
  Natasha (thrice) (D:2)
  A worker ant zombie (D:5)
  4 gnolls (D:5)
  10 adders
  4 oozes (D:5)
  An adder skeleton (D:5)
  4 worms
  A dart slug (D:3)
  7 leopard geckos
  10 orcs
  5 giant cockroaches
  2 goblins
  6 hobgoblins
  7 jackals
  A ball python (D:2)
  9 bats
  3 frilled lizards
  10 kobolds
  6 rats
122 creatures vanquished.

Vanquished Creatures (others)
  A spectral weapon (D:4)
  7 toadstools (D:5)
8 creatures vanquished.

Grand Total: 130 creatures vanquished

Notes
Turn   | Place    | Note
-------+----------+-------------------------------------------
     0 | D:1      | Ablot the Gnoll Skald began the quest for the Orb.
     0 | D:1      | Reached XP level 1. HP: 20/20 MP: 6/6
    69 | D:1      | Reached XP level 2. HP: 26/26 MP: 7/7
    89 | D:1      | Learned a level 2 spell: Song of Slaying
    92 | D:1      | Learned a level 2 spell: Shroud of Golubria
   641 | D:2      | Reached XP level 3. HP: 25/31 MP: 9/9
   646 | D:2      | Learned a level 3 spell: Regeneration
   657 | D:2      | Learned a level 3 spell: Spectral Weapon
   681 | D:2      | Noticed Natasha
   687 | D:2      | Killed Natasha
   687 | D:2      | Reached skill level 5 in Spellcasting
   687 | D:2      | Reached skill level 1 in Invocations
   704 | D:2      | Reached skill level 1 in Short Blades
   704 | D:2      | Reached skill level 1 in Long Blades
   704 | D:2      | Reached skill level 1 in Axes
   704 | D:2      | Reached skill level 1 in Maces & Flails
   704 | D:2      | Reached skill level 1 in Staves
   704 | D:2      | Reached skill level 1 in Slings
   704 | D:2      | Reached skill level 1 in Bows
   704 | D:2      | Reached skill level 1 in Crossbows
   704 | D:2      | Reached skill level 1 in Throwing
   704 | D:2      | Reached skill level 1 in Stealth
   704 | D:2      | Reached skill level 1 in Shields
   704 | D:2      | Reached skill level 1 in Unarmed Combat
   704 | D:2      | Reached skill level 1 in Evocations
   715 | D:2      | Noticed Sigmund
   725 | D:2      | Found a runed translucent door.
   726 | D:2      | Noticed Crazy Yiuf
   754 | D:2      | Killed Sigmund
   754 | D:2      | Reached skill level 1 in Conjurations
   754 | D:2      | Reached skill level 1 in Hexes
   754 | D:2      | Reached skill level 1 in Summonings
   754 | D:2      | Reached skill level 1 in Necromancy
   754 | D:2      | Reached skill level 1 in Translocations
   754 | D:2      | Reached skill level 1 in Transmutations
   754 | D:2      | Reached skill level 1 in Fire Magic
   754 | D:2      | Reached skill level 1 in Ice Magic
   754 | D:2      | Reached skill level 1 in Air Magic
   754 | D:2      | Reached skill level 1 in Earth Magic
   754 | D:2      | Reached skill level 1 in Poison Magic
   754 | D:2      | Reached XP level 4. HP: 7/38 MP: 0/11
   754 | D:2      | Reached XP level 5. HP: 8/43 MP: 0/12
   962 | D:2      | Killed Crazy Yiuf
   962 | D:2      | Reached XP level 6. HP: 49/50 MP: 4/13
  1230 | D:2      | Noticed Natasha
  1239 | D:2      | Killed Natasha
  1405 | D:2      | Found a hazy altar of Hepliaklqana.
  1405 | D:2      | Found an iron altar of Okawaru.
  1412 | D:2      | Became a worshipper of Warmaster Okawaru
  1602 | D:2      | Noticed Natasha
  1610 | D:2      | Killed Natasha
  1610 | D:2      | Reached skill level 5 in Fighting
  1610 | D:2      | Reached skill level 5 in Polearms
  1610 | D:2      | Reached skill level 5 in Dodging
  1773 | D:3      | Found a basalt altar of Yredelemnul.
  1851 | D:3      | Found a shadowy altar of Dithmenos.
  1902 | D:3      | Found a glowing golden altar of the Shining One.
  1903 | D:3      | Found a white marble altar of Elyvilon.
  1904 | D:3      | Found a glowing silver altar of Zin.
  2217 | D:4      | Reached XP level 7. HP: 47/56 MP: 5/15
  2310 | D:4      | Got a twisted ring mail
  2333 | D:4      | Identified the cursed +0 ring mail "Joxiysod" {rCorr
                  | Stlth+} (You found it on level 4 of the Dungeon)
  2369 | D:4      | Reached * piety under Okawaru
  2802 | D:5      | Entered Level 5 of the Dungeon
  2846 | D:5      | Reached XP level 8. HP: 63/63 MP: 7/16
  2947 | D:5      | Reached ** piety under Okawaru
  3047 | D:5      | Noticed a slime creature
  3047 | D:5      | Noticed a slime creature
  3075 | D:5      | Killed a slime creature
  3079 | D:5      | Killed a slime creature
  3175 | D:5      | Reached XP level 9. HP: 68/69 MP: 18/18
  3619 | D:6      | Found a staircase to the Ecumenical Temple.
  3630 | Temple   | Entered the Ecumenical Temple
  3690 | D:6      | Reached *** piety under Okawaru
  3690 | D:6      | Slain by a bullfrog

Levels and vault maps discovered:
D:1:      lightli_arrival_isolated_outpost, layout_basic, grunt_decor_clamped
D:2:      layout_basic, gammafunk_temple_overflow_pools, first_ration,
          uniq_crazy_yiuf_cottage, uniq_sigmund, uniq_natasha
D:3:      layout_basic, good_gods_temple_1, yredelemnul_altar_generic,
          grunt_dithmenos_smoke_and_mirrors
D:4:      layout_cave_pools
D:5:      cheibrodos_fertilizer, layout_rooms, corexii_checkpoint_a
D:6:      layout_basic, nicolae_gozag_zags_fifth_avenue, lemuel_crystal_altar,
          minmay_temple_entry_water_ring
Temple:   corrupted_temple

Skill      XL: |  1  2  3  4  5  6  7  8  9 |
---------------+----------------------------+-----
Spellcasting   | 5 6 |  6.4
Invocations    | 1 2 3 4 |  4.3
Short Blades   | 1 2 3 |  3.9
Long Blades    | 1 2 3 |  3.9
Axes           | 1 2 3 |  3.9
Maces & Flails | 1 2 3 |  3.9
Staves         | 1 2 3 |  3.9
Slings         | 1 2 3 |  3.9
Bows           | 1 2 3 |  3.9
Crossbows      | 1 2 3 |  3.9
Throwing       | 1 2 3 |  3.9
Stealth        | 1 2 3 |  3.9
Shields        | 1 2 3 |  3.9
Unarmed Combat | 1 2 3 |  3.9
Evocations     | 1 2 3 |  3.9
Armour         | 3 4 |  4.7
Conjurations   | 1 2 3 |  3.2
Hexes          | 1 2 3 |  3.2
Summonings     | 1 2 3 |  3.2
Necromancy     | 1 2 3 |  3.2
Translocations | 1 2 3 |  3.2
Transmutations | 1 2 3 |  3.2
Fire Magic     | 1 2 3 |  3.2
Ice Magic      | 1 2 3 |  3.2
Air Magic      | 1 2 3 |  3.2
Earth Magic    | 1 2 3 |  3.2
Poison Magic   | 1 2 3 |  3.2
Fighting       | 5 6 |  6.1
Polearms       | 5 6 |  6.1
Dodging        | 5 6 |  6.1
Charms         | 6 |  6.4

Action                   |  1- 3 |  4- 6 |  7- 9 || total
-------------------------+-------+-------+-------++-------
Melee: Spear             |   119 |    12 |       ||   131
       Bite              |    11 |     7 |    21 ||    39
       Punch             |     1 |       |       ||     1
       Quarterstaff      |       |    53 |   174 ||   227
 Cast: Shroud of Golubri |     5 |     6 |    16 ||    27
       Regeneration      |     1 |     4 |     6 ||    11
       Spectral Weapon   |     1 |     2 |    10 ||    13
       Infusion          |       |     1 |     1 ||     2
       Song of Slaying   |       |       |     5 ||     5
 Stab: Sleeping          |     1 |     2 |     2 ||     5
       Paralysed         |       |       |     1 ||     1
  Eat: Chunk             |       |     5 |     7 ||    12
Armor: Leather armour    |    25 |    12 |     7 ||    44
       Ring mail         |       |       |    68 ||    68
Dodge: Dodged            |    78 |    37 |   153 ||   268

Table legend:
 A = Non-vault XP
 B = Vault XP
 C = Vault XP percentage of total XP
 D = Non-vault monster count
 E = Vault monster count
 F = Vault count percentage of total count
                 A         B        C        D         E       F
            +---------+---------+-------+---------+---------+-------
      Total |    1517 |    1310 |  46.3 |      99 |      23 |  18.9
            +---------+---------+-------+---------+---------+-------
        D:1 |      31 |       0 |   0.0 |      19 |       0 |   0.0
        D:2 |     138 |     292 |  67.9 |      22 |       3 |  12.0
        D:3 |      92 |       0 |   0.0 |       8 |       0 |   0.0
        D:4 |     565 |       0 |   0.0 |      25 |       0 |   0.0
        D:5 |     551 |    1018 |  64.9 |      22 |      20 |  47.6
        D:6 |     140 |       0 |   0.0 |       3 |       0 |   0.0
            +---------+---------+-------+---------+---------+-------
